PUBAAA
CHRISMAN KILLERS @ SIOUX CITY SOOS
08/08/1972
 
TOP OF THE 1ST
Chrisman Killers batting - Pitching for Sioux City Soos : LHP Clayton Blevins
Pitching: LHP Clayton Blevins
Batting: LHB Richard Cochran 0-0: Called Strike
0-1: Ground out 6-3 (Groundball, 6M, EV 80.6 MPH)
Batting: RHB Augusto Barrios 0-0: Ball
1-0: Foul Ball, location: 2F
1-1: Swinging Strike
1-2: Strikes out swinging
Batting: RHB César Rea 0-0: Ball
1-0: Fly out, F4 (Popup, 23, EV 92.5 MPH)
Top of the 1st over - 0 runs, 0 hits, 0 errors, 0 left on base; Chrisman 0 - Sioux City 0
BOTTOM OF THE 1ST
Sioux City Soos batting - Pitching for Chrisman Killers : RHP Kevin Ross
Pitching: RHP Kevin Ross
Batting: LHB Alberto Estrada 0-0: Ball
1-0: Called Strike
1-1: Ball
2-1: Foul Ball, location: 25F
2-2: Ball
3-2: Foul Ball, location: 5F
3-2: Fly out, F8 (Flyball, 8RS, EV 89.4 MPH)
Batting: RHB Ron Theobald 0-0: Hit by Pitch
Batting: SHB Kevin Parker 0-0: Ball
1-0: Foul Ball, location: 25FF
1-1: Fly out, F5 (Popup, 5SF, EV 71.9 MPH)
Batting: RHB Rick Walker 0-0: Called Strike
0-1: Swinging Strike
0-2: Ball
1-2: Strikes out looking
Bottom of the 1st over - 0 runs, 0 hits, 0 errors, 1 left on base; Chrisman 0 - Sioux City 0
TOP OF THE 2ND
Chrisman Killers batting - Pitching for Sioux City Soos : LHP Clayton Blevins
Batting: RHB Paul Morgan 0-0: Called Strike
0-1: Ball
1-1: Ball
2-1: SOLO HOME RUN (Flyball, 7LD, EV 98.1 MPH), Distance : 351 ft
Batting: SHB Ken Singleton 0-0: Called Strike
0-1: Ball
1-1: Ball
2-1: Fly out, F7 (Flyball, 78M, EV 90.6 MPH)
Batting: RHB John Hudson 0-0: Ball
1-0: Ball
2-0: Ball
3-0: Called Strike
3-1: Ground out 3-1 (Groundball, 34, EV 105.0 MPH)
Batting: RHB Jerry Terrell 0-0: Fly out, F8 (Flyball, 8LM, EV 81.3 MPH)
Top of the 2nd over - 1 run, 1 hit, 0 errors, 0 left on base; Chrisman 1 - Sioux City 0
BOTTOM OF THE 2ND
Sioux City Soos batting - Pitching for Chrisman Killers : RHP Kevin Ross
Batting: RHB David Stevens 0-0: Foul Ball, location: 5F
0-1: Ball
1-1: Ball
2-1: Ball
3-1: Base on Balls
Batting: RHB Stewart Meredith 0-0: Foul Ball, location: 5FF
0-1: Ball
1-1: Bunted foul
1-2: SINGLE (Line Drive, 9S, EV 105.0 MPH)
David Stevens to second
Batting: RHB Nathaniel Myers 0-0: Ball
1-0: Ball
2-0: Sac Bunt to 5S - play at third, runner OUT! 5-6
Stewart Meredith to second
Batting: RHB Kyle Steele 0-0: Ball
1-0: Ball
2-0: Ball
3-0: Called Strike
3-1: Called Strike
3-2: Strikes out swinging
Batting: RHB Ed Brinkman 0-0: Called Strike
0-1: SINGLE (Line Drive, 7S, EV 87.5 MPH)
Stewart Meredith to third
Nathaniel Myers to second
Runner from 3rd tries for Home, SAFE, throw by LF to home
Batting: LHB Alberto Estrada 0-0: Called Strike
0-1: Foul Ball, location: 2F
0-2: Ball
1-2: Ball
2-2: Foul Ball, location: 7LMF
2-2: Foul Ball, location: 2F
2-2: Strikes out swinging
Bottom of the 2nd over - 1 run, 2 hits, 0 errors, 2 left on base; Chrisman 1 - Sioux City 1
TOP OF THE 3RD
Chrisman Killers batting - Pitching for Sioux City Soos : LHP Clayton Blevins
Batting: LHB Jerry Kenney 0-0: SINGLE (Line Drive, 7S, EV 93.1 MPH)
Batting: RHB Adrian Ackerman 0-0: SINGLE (Groundball, 5D, EV 105.6 MPH) (infield hit)
Jerry Kenney to second
Batting: LHB Richard Cochran 0-0: Sac Bunt to 25 - play at first, batter safe!
Jerry Kenney to third
Adrian Ackerman to second
Batting: RHB Augusto Barrios 0-0: Called Strike
0-1: Ball
1-1: Foul Ball, location: 2F
1-2: Fly out, F8 (Flyball, 8LD, EV 107.5 MPH)
Runner from 3rd tags up, OUT at HOME! 8-2
Adrian Ackerman to third
Richard Cochran to second
Batting: RHB César Rea 0-0: Ball
1-0: Ball
Wild Pitch!
Adrian Ackerman scores
Richard Cochran to third
2-0: Called Strike
2-1: Ball
3-1: SINGLE (Line Drive, 9LS, EV 86.9 MPH)
Richard Cochran scores
Batting: RHB Paul Morgan 0-0: SINGLE (Groundball, 6MD, EV 96.9 MPH)
César Rea to second
Runner from 2nd tries for 3rd, SAFE, throw by CF made to third
Batting: SHB Ken Singleton 0-0: Swinging Strike
0-1: Ball
1-1: Called Strike
1-2: Ball
2-2: Ball
3-2: Foul Ball, location: 2F
3-2: Strikes out looking
Top of the 3rd over - 2 runs, 5 hits, 0 errors, 2 left on base; Chrisman 3 - Sioux City 1
BOTTOM OF THE 3RD
Sioux City Soos batting - Pitching for Chrisman Killers : RHP Kevin Ross
Batting: RHB Ron Theobald 0-0: Called Strike
0-1: Foul Ball, location: 3DF
0-2: Ball
1-2: Ball
2-2: Ball
3-2: Foul Ball, location: 2F
3-2: Ground out 4-3 (Groundball, 34D, EV 98.8 MPH)
Batting: SHB Kevin Parker 0-0: SINGLE (Groundball, 34D, EV 100.0 MPH)
Batting: RHB Rick Walker 0-0: Ball
1-0: Ball
2-0: Foul Ball, location: 9LMF
2-1: Ball
3-1: Base on Balls
Kevin Parker to second
Batting: RHB David Stevens 0-0: SINGLE (Groundball, 34D, EV 103.8 MPH)
Kevin Parker to third
Rick Walker to second
Runner from 3rd tries for Home, SAFE, throw by RF to home
Batting: RHB Stewart Meredith 0-0: Called Strike
0-1: Ball
1-1: Ball
2-1: Fly out, F8 (Flyball, 89D, EV 110.6 MPH)
Runner from 2nd tags up, SAFE at 3rd, no throw by CF
Batting: RHB Nathaniel Myers 0-0: Foul Ball, location: 9LDF
0-1: Ball
1-1: Called Strike
1-2: Ground out 5-3 (Groundball, 56S, EV 83.1 MPH)
Bottom of the 3rd over - 1 run, 2 hits, 0 errors, 2 left on base; Chrisman 3 - Sioux City 2
TOP OF THE 4TH
Chrisman Killers batting - Pitching for Sioux City Soos : LHP Clayton Blevins
Batting: RHB John Hudson 0-0: Ball
1-0: Fly out, F6 (Line Drive, 6, EV 65.6 MPH)
Batting: RHB Jerry Terrell 0-0: DOUBLE (Groundball, 3L, EV 110.6 MPH)
Batting: LHB Jerry Kenney 0-0: Foul Ball, location: 2F
0-1: Ground out 1-3 (Groundball, 15S, EV 64.4 MPH)
Jerry Terrell to third
Batting: RHB Adrian Ackerman 0-0: Ball
1-0: Ball
2-0: Foul Ball, location: 2F
2-1: Foul Ball, location: 2F
2-2: Ball
3-2: Foul Ball, location: 5F
3-2: Base on Balls
Batting: LHB Richard Cochran 0-0: Ball
1-0: Ball
2-0: Fly out, F7 (Flyball, 78M, EV 82.5 MPH)
Top of the 4th over - 0 runs, 1 hit, 0 errors, 2 left on base; Chrisman 3 - Sioux City 2
BOTTOM OF THE 4TH
Sioux City Soos batting - Pitching for Chrisman Killers : RHP Kevin Ross
Batting: RHB Kyle Steele 0-0: Called Strike
0-1: Called Strike
0-2: Ball
1-2: Ball
2-2: Foul Ball, location: 2F
2-2: Ground out 6-3 (Groundball, 6, EV 88.8 MPH)
Batting: RHB Ed Brinkman 0-0: Called Strike
0-1: Called Strike
0-2: Strikes out swinging
Batting: LHB Alberto Estrada 0-0: Foul Ball, location: 9LSF
0-1: Hit by Pitch
Batting: RHB Ron Theobald 0-0: Called Strike
0-1: Ball
1-1: Ball
Alberto Estrada steals 2nd base
2-1: Fly out, F7 (Line Drive, 7LS, EV 96.9 MPH)
Bottom of the 4th over - 0 runs, 0 hits, 0 errors, 1 left on base; Chrisman 3 - Sioux City 2
TOP OF THE 5TH
Chrisman Killers batting - Pitching for Sioux City Soos : LHP Clayton Blevins
Batting: RHB Augusto Barrios 0-0: Ground out 5-3 (Groundball, 56S, EV 74.4 MPH)
Batting: RHB César Rea 0-0: Ball
1-0: Reached on error, E5 (Groundball, 56S, EV 88.8 MPH)
Batting: RHB Paul Morgan 0-0: Ball
1-0: Ball
2-0: SINGLE (Line Drive, 8RS, EV 96.9 MPH)
César Rea to second
Batting: SHB Ken Singleton 0-0: Ball
1-0: Foul Ball, location: 2F
1-1: Called Strike
1-2: Ball
2-2: 3-RUN HOME RUN (Flyball, 8LXD, EV 106.3 MPH) (Inside the Park)
Pitching: RHP Jamie Richardson
Batting: RHB John Hudson 0-0: Ball
1-0: Called Strike
1-1: Called Strike
1-2: Foul Ball, location: 9LSF
1-2: Fly out, F8 (Flyball, 8RD, EV 110.6 MPH)
Batting: RHB Jerry Terrell 0-0: Foul Ball, location: 3FF
0-1: Swinging Strike
0-2: Foul Ball, location: 2F
0-2: Ball
1-2: Foul Ball, location: 9LMF
1-2: Ball
2-2: Strikes out looking
Top of the 5th over - 3 runs, 2 hits, 1 error, 0 left on base; Chrisman 6 - Sioux City 2
BOTTOM OF THE 5TH
Sioux City Soos batting - Pitching for Chrisman Killers : RHP Kevin Ross
Batting: SHB Kevin Parker 0-0: Fly out, F7 (Line Drive, 78D, EV 91.3 MPH)
Batting: RHB Rick Walker 0-0: Ball
1-0: Called Strike
1-1: Ball
2-1: Foul Ball, location: 23F
2-2: Foul Ball, location: 2F
2-2: Foul Ball, location: 2F
2-2: Strikes out swinging
Batting: RHB David Stevens 0-0: Ground out 5-3 (Groundball, 56, EV 97.5 MPH)
Bottom of the 5th over - 0 runs, 0 hits, 0 errors, 0 left on base; Chrisman 6 - Sioux City 2
TOP OF THE 6TH
Chrisman Killers batting - Pitching for Sioux City Soos : RHP Jamie Richardson
Batting: LHB Jerry Kenney 0-0: Foul Ball, location: 5F
0-1: Ball
1-1: Ball
2-1: Fly out, F8 (Flyball, 8RM, EV 93.8 MPH)
Batting: RHB Adrian Ackerman 0-0: Ball
1-0: Called Strike
1-1: Ball
2-1: SOLO HOME RUN (Flyball, 7D, EV 95.0 MPH), Distance : 371 ft
Batting: LHB Richard Cochran 0-0: Called Strike
0-1: Ball
1-1: Ball
2-1: Ball
3-1: Base on Balls
Batting: RHB Augusto Barrios 0-0: Ball
1-0: Called Strike
Richard Cochran is caught stealing 2nd base 2-4
1-1: Ground out 6-3 (Groundball, 56, EV 110.6 MPH)
Top of the 6th over - 1 run, 1 hit, 0 errors, 0 left on base; Chrisman 7 - Sioux City 2
BOTTOM OF THE 6TH
Sioux City Soos batting - Pitching for Chrisman Killers : RHP Kevin Ross
Batting: RHB Stewart Meredith 0-0: Swinging Strike
0-1: Foul Ball, location: 9LMF
0-2: Foul Ball, location: 5SF
0-2: Foul Ball, location: 9LMF
0-2: Strikes out looking
Pitching: LHP Pepe Nieto
Batting: RHB Nathaniel Myers 0-0: Called Strike
0-1: Ball
1-1: Called Strike
1-2: Ball
2-2: Strikes out swinging
Batting: RHB Kyle Steele 0-0: Ball
1-0: Ball
2-0: Foul Ball, location: 3SF
2-1: Ball
3-1: Foul Ball, location: 9LSF
3-2: Ground out 6-3 (Groundball, 6, EV 90.6 MPH)
Bottom of the 6th over - 0 runs, 0 hits, 0 errors, 0 left on base; Chrisman 7 - Sioux City 2
TOP OF THE 7TH
Chrisman Killers batting - Pitching for Sioux City Soos : RHP Jamie Richardson
Batting: RHB César Rea 0-0: Foul Ball, location: 9LSF
0-1: Called Strike
0-2: Foul Ball, location: 3F
0-2: Ball
1-2: Foul Ball, location: 2F
1-2: Ball
2-2: Foul Ball, location: 5FF
2-2: Strikes out looking
Batting: RHB Paul Morgan 0-0: Ball
1-0: Ball
2-0: Fly out, F7 (Flyball, 7, EV 87.5 MPH)
Batting: SHB Ken Singleton 0-0: Fly out, F8 (Flyball, 8RXD, EV 95.0 MPH)
Top of the 7th over - 0 runs, 0 hits, 0 errors, 0 left on base; Chrisman 7 - Sioux City 2
BOTTOM OF THE 7TH
Sioux City Soos batting - Pitching for Chrisman Killers : LHP Pepe Nieto
Batting: RHB Ed Brinkman 0-0: Called Strike
0-1: Ball
1-1: Ball
2-1: Ground out 1-3 (Groundball, 13, EV 75.0 MPH)
Batting: LHB Alberto Estrada 0-0: Foul Ball, location: 2F
0-1: Ball
1-1: Called Strike
1-2: Ball
2-2: Foul Ball, location: 7LMF
2-2: Ball
3-2: Ground out 4-3 (Groundball, 4S, EV 76.3 MPH)
Batting: RHB Ron Theobald 0-0: Called Strike
0-1: Swinging Strike
0-2: Ground out 6-3 (Groundball, 6, EV 103.8 MPH)
Bottom of the 7th over - 0 runs, 0 hits, 0 errors, 0 left on base; Chrisman 7 - Sioux City 2
TOP OF THE 8TH
Chrisman Killers batting - Pitching for Sioux City Soos : RHP Jamie Richardson
Batting: RHB John Hudson 0-0: Ball
1-0: Ball
2-0: Ground out 6-3 (Groundball, 6M, EV 109.4 MPH)
Batting: RHB Jerry Terrell 0-0: Ball
1-0: Swinging Strike
1-1: Swinging Strike
1-2: Ball
2-2: Foul Ball, location: 2RF
2-2: Ground out 6-3 (Groundball, 6, EV 97.5 MPH)
Batting: LHB Jerry Kenney 0-0: Ball
1-0: Called Strike
1-1: Swinging Strike
1-2: Strikes out swinging
Top of the 8th over - 0 runs, 0 hits, 0 errors, 0 left on base; Chrisman 7 - Sioux City 2
BOTTOM OF THE 8TH
Sioux City Soos batting - Pitching for Chrisman Killers : LHP Pepe Nieto
Batting: SHB Kevin Parker 0-0: Ball
1-0: Ball
2-0: Ball
3-0: Called Strike
3-1: Ground out 6-3 (Groundball, 6, EV 93.1 MPH)
Batting: RHB Rick Walker 0-0: Ball
1-0: Ball
2-0: Swinging Strike
2-1: Swinging Strike
2-2: Strikes out swinging
Batting: RHB David Stevens 0-0: Ball
1-0: Called Strike
1-1: Ball
2-1: Ground out 6-3 (Groundball, 6, EV 106.3 MPH)
Bottom of the 8th over - 0 runs, 0 hits, 0 errors, 0 left on base; Chrisman 7 - Sioux City 2
TOP OF THE 9TH
Chrisman Killers batting - Pitching for Sioux City Soos : RHP Jamie Richardson
Pitching: RHP Vince Colbert
Batting: RHB Adrian Ackerman 0-0: Called Strike
0-1: Foul Ball, location: 9LSF
0-2: Ball
1-2: Strikes out looking
Batting: LHB Richard Cochran 0-0: Ball
1-0: SINGLE (Line Drive, 89S, EV 85.0 MPH)
Batting: RHB Augusto Barrios 0-0: Called Strike
0-1: Swinging Strike
0-2: Ball
Richard Cochran steals 2nd base
1-2: Ball
2-2: DOUBLE (Line Drive, 89M, EV 108.8 MPH)
Richard Cochran scores
Batting: RHB César Rea 0-0: Called Strike
0-1: Foul Ball, location: 7LMF
0-2: Ball
1-2: Ball
2-2: Foul Ball, location: 2F
2-2: Ground out 6-3 (Groundball, 6S, EV 87.5 MPH)
Batting: RHB Paul Morgan 0-0: Called Strike
0-1: Ball
1-1: Foul Ball, location: 2F
1-2: Ball
2-2: Ball
3-2: 2-RUN HOME RUN (Flyball, 7D, EV 97.5 MPH), Distance : 369 ft
Pinch Hitting: RHB Ray Bell 0-0: Called Strike
0-1: Ground out 4-3 (Groundball, 4, EV 101.3 MPH)
Top of the 9th over - 3 runs, 3 hits, 0 errors, 0 left on base; Chrisman 10 - Sioux City 2
BOTTOM OF THE 9TH
Sioux City Soos batting - Pitching for Chrisman Killers : LHP Pepe Nieto
Now in LF: Ray Bell
Pinch Hitting: RHB Raúl Moreno 0-0: Ball
1-0: Called Strike
1-1: Ball
2-1: Swinging Strike
2-2: Foul Ball, location: 2F
2-2: Ground out 5-3 (Groundball, 56S, EV 71.3 MPH)
Pinch Hitting: LHB Buddy Cash 0-0: Ground out 4-3 (Groundball, 4, EV 103.1 MPH)
Batting: RHB Kyle Steele 0-0: Ground out 6-3 (Groundball, 6, EV 90.6 MPH)
Bottom of the 9th over - 0 runs, 0 hits, 0 errors, 0 left on base; Chrisman 10 - Sioux City 2
Friday, April 19th , 2024 - OOTP Baseball 24.8 Build 75